Unix NetHack Version 5.0.0-0 post-release - last build Jun 10 2026 00:39:30 (3ee93aec679c4c4259841fe613dc97188e26a321,branch:main).

Game began 2026-06-27 20:13:21, ended 2026-06-27 20:20:12.

Daltwisney, chaotic female elven Wizard

                                             ------
                                             ......
                                             -.....
                                              ......
                                              -..... --     --
                                               ..... .--- ...|
                                                 ...`...|...-
                                                 -..........|
                                                 |..........|
                                                  -f@G......|
                                                |..........--
                                                |....|......G.
                                                --.----..-----
                                                 --    ---

Daltwisney the Evoker     St:11 Dx:15 Co:12 In:20 Wi:8 Ch:10  Chaotic
Dlvl:3  $:31 HP:0(11) Pw:5(5) AC:8  Xp:1 T:658 

Latest messages:
 The sewer rat bites!
 In what direction? 6
 The spell misses the sewer rat.
 The sewer rat bites!
 You hit the sewer rat.
 The sewer rat bites!
 You don't have enough energy to cast that spell.
 You kill the sewer rat!
 You see here an orange gem.
 You see here 7 gold pieces.
 $ - 7 gold pieces (22 in total).
 You climb up the stairs.
 This door is locked.
 This door is locked.
 What do you want to write with? [- ac-ens or ?*] s
 This zinc wand is a wand of fire!
 You burn into the floor with a wand of fire.
 What do you want to burn into the floor here? 
 The wand of fire glows, then fades.
 This door is locked.
 This door is locked.
 This door is locked.
 In what direction? 6
 Whammm!!
 In what direction? 6
 As you kick the door, it crashes open!
 You see here an iron skull cap.
 t - an iron skull cap.
 What do you want to wear? [t or ?*] t
 You finish your dressing maneuver.
 You feel tough!
 You must have been leading a healthy life-style.
 The jackal bites!
 You miss the jackal.
 The jackal bites!
 You kill the jackal!
 You see here a jackal corpse.
 Your kitten eats a jackal corpse.
 You see here 9 gold pieces.
 $ - 9 gold pieces (31 in total).
 You descend the stairs.
 A cloud of gas puts you to sleep!
 The gnome king hits!
 The gnome king hits!
 You die...
 Do you want your possessions identified? [ynq] (y) n
 Do you want to see your attributes? [ynq] (y) n
 Do you want an account of creatures vanquished? [ynaq] (y) n
 Do you want to see your conduct and achievements? [ynq] (y) n
 Do you want to see the dungeon overview? [ynq] (y) n

Inventory:
 Coins    ('$')
  $ - 31 gold pieces
 Weapons  (')')
  a - a blessed +1 quarterstaff (weapon in hands)
 Armor    ('[')
  t - an uncursed +0 orcish helm (being worn)
  b - an uncursed +0 cloak of magic resistance (being worn)
 Comestibles  ('%')
  r - 2 uncursed lembas wafers
 Scrolls  ('?')
  j - an uncursed scroll of confuse monster
  k - an uncursed scroll of light
  i - a blessed scroll of scare monster
 Spellbooks  ('+')
  l - a blessed spellbook of force bolt
  m - an uncursed spellbook of light
 Potions  ('!')
  g - an uncursed potion of invisibility
  f - an uncursed potion of levitation
  h - an uncursed potion of water
 Rings    ('=')
  d - an uncursed ring of searching (on right hand)
  e - an uncursed ring of teleportation
 Wands    ('/')
  s - a wand of fire (0:3)
  c - a wand of teleportation (0:4)
 Tools    ('(')
  o - an uncursed wooden harp
  n - a magic marker (0:21)
  p - an uncursed stethoscope

Daltwisney the Wizard's attributes:

Background:
 You were an Evoker, a level 1 female elven Wizard.
 You were chaotic, on a mission for Anhur
 who was opposed by Ptah (lawful) and Thoth (neutral).
 You were right-handed.
 You were in the Gnomish Mines, on level 3.
 You entered the dungeon 658 turns ago.
 You had 17 experience points, 3 more were needed to attain level 2.

Basics:
 You had 0 out of 11 hit points.
 You had all 5 energy points (spell power).
 Your armor class was 8.
 Your wallet contained 31 zorkmids.
 Autopickup was off.

Final Characteristics:
 Your strength was 11 (limit:18).
 Your dexterity was 15 (limit:18).
 Your constitution was 12 (limit:16).
 Your intelligence was 20 (limit:20).
 Your wisdom was 8 (limit:20).
 Your charisma was 10 (limit:18).

Final Status:
 You weren't hungry.
 You were unencumbered.
 You were wielding a quarterstaff.
 You had basic skill with quarterstaff.

Final Attributes:
 You were fervently aligned.
 You were magic-protected.
 You had automatic searching.
 You had infravision.
 You were warded.
 You are dead.

Miscellaneous:
 You didn't encounter any bones levels.
 Total elapsed playing time was 6 minutes and 48 seconds.

Major events:
 Turn
    1: Daltwisney the chaotic female elven Wizard entered the dungeon
  640: entered the Gnomish Mines
  658: killed by a gnome king, while sleeping

Spells:
 Name                 Level Category     Fail Retention
 force bolt             1   attack         0%  91%-100%
 light                  1   divination     0%  76%-100%

Skills:
 Fighting Skills
   bare handed combat [Unskilled]
   riding             [Unskilled]
 Weapon Skills
   dagger             [Unskilled]
   knife              [Unskilled]
   axe                [Unskilled]
   short sword        [Unskilled]
   club               [Unskilled]
   mace               [Unskilled]
   quarterstaff       [Basic]
   polearms           [Unskilled]
   spear              [Unskilled]
   trident            [Unskilled]
   sling              [Unskilled]
   dart               [Unskilled]
   shuriken           [Unskilled]
 Spellcasting Skills
   attack spells      [Basic]
   healing spells     [Unskilled]
   divination spells  [Unskilled]
   enchantment spells [Basic]
   clerical spells    [Unskilled]
   escape spells      [Unskilled]
   matter spells      [Unskilled]

Voluntary challenges:
 Character rerolling was not enabled.
 You went without food.
 You were an atheist.
 You were illiterate.
 You never genocided any monsters.
 You never polymorphed an object.
 You never changed form.
 You used no wishes.
Achievement:
 You entered the Gnomish Mines.

 The Dungeons of Doom: levels 1 to 3
    Level 1:
       A fountain.
    Level 2:
       A grave.
       Stairs down to The Gnomish Mines.
    Level 3:
 The Gnomish Mines:
    Level 3: <- You were here.
       Final resting place for
          you, killed by a gnome king, while sleeping.


Vanquished creatures:
  2 jackals
  a goblin
  3 sewer rats
  3 grid bugs
  a lichen
  a kobold zombie
  a newt
12 creatures vanquished.

No species were genocided or became extinct.

Game over:
                       ----------
                      /          \
                     /    REST    \
                    /      IN      \
                   /     PEACE      \
                  /                  \
                  |    Daltwisney    |
                  |      31 Au       |
                  |   killed by a    |
                  |    gnome king    |
                  |                  |
                  |                  |
                  |       2026       |
                 *|     *  *  *      | *
        _________)/\\_//(\/(/\)/\//\/|_)_______

Goodbye Daltwisney the Wizard...

You died in The Gnomish Mines on dungeon level 3 with 206 points,
and 31 pieces of gold, after 658 moves.
You were level 1 with a maximum of 11 hit points when you died.

